Map: Submarine LE

Players

Silky

  • Race: Zerg Zerg
  • Spawn Location: 11:00

Future - Winner!

  • Race: Terran Terran
  • Spawn Location: 5:00

Event: The Miserable Cup

VOD

Have the link to the VOD?

Description

Time

  • Played on: June 21, 2020, 1:35 p.m.
  • Length: 5:51

All games in this series

Show
View Real Time Build Order
Export as new Build Order

Silky Zerg 

Build Orders: Pool First 

Get SALT Encoding   

  12  0:00  Drone  
  13  0:12  Overlord  
  13  0:17  Drone  
  14  0:31  Drone x2  
  16  0:41  Spawning Pool  
  15  0:44  Drone  
  15  0:48  Drone  
  17  1:07  Hatchery  
  17  1:11  Drone  
  17  1:26  Extractor  
  17  1:28  Zergling x6  
  17  1:32  Queen  
  19  1:39  Overlord  
  21  1:50  Drone  
  22  2:00  Drone  
  23  2:09  Queen  
  23  2:13  Drone  
  26  2:27  Metabolic Boost  
  25  2:30  Queen  
  25  2:31  Drone x3  
  25  2:37  Drone  
  31  2:42  Drone x3  
  32  2:44  Drone  
  32  2:47  Drone  
  34  2:54  Drone  
  34  2:57  Overlord  
  35  3:05  Drone  
  36  3:08  Spore Crawler  
  36  3:10  Drone  
  36  3:18  Overlord  
  37  3:20  Hatchery, Drone  
  37  3:25  Overlord  
  37  3:26  Drone  
  38  3:27  Drone  
  39  3:37  Drone x3  
  42  3:43  Drone x2  
  42  3:44  Roach Warren  
  42  3:48  Zergling x4  
  45  3:51  Drone  
  45  3:52  Extractor x2  
  45  3:54  Overlord  
  44  3:58  Overlord  
  44  4:00  Overlord  
  44  4:25  Roach x8  
  44  4:30  Roach x2  
  64  4:31  Zergling x2  
  64  4:32  Zergling x2  
  64  4:35  Zergling x2  
  67  4:39  Overlord  
  67  4:40  Roach  
  67  4:43  Zergling x2  
  70  4:52  Zergling x10  
  74  4:54  Ravager  
  74  4:55  Ravager  
  74  4:56  Zergling x2  
  74  4:59  Ravager  
  78  5:01  Zergling x2  
  78  5:07  Zergling x6  
  78  5:08  Zergling x4  
  78  5:10  Ravager  
  84  5:18  Ravager  
  84  5:20  Zergling x10  
  89  5:26  Roach  
  77  5:34  Drone x8  
  74  5:38  Ravager  
Show
View Real Time Build Order
Export as new Build Order

Future Terran - Winner!

Build Orders: Reaper Expand 

Get SALT Encoding   

  12  0:00  SCV  
  13  0:13  SCV  
  14  0:16  Supply Depot  
  14  0:25  SCV  
  15  0:38  SCV  
  15  0:39  Barracks  
  16  0:44  Refinery  
  16  0:50  SCV  
  17  1:02  SCV  
  18  1:14  SCV  
  19  1:26  Reaper  
  19  1:27  Orbital Command  
  20  1:39  Command Center  
  20  1:47  Supply Depot  
  20  1:52  SCV  
  21  1:58  Marine  
  22  2:04  SCV  
  22  2:06  Factory  
  23  2:16  Marine, SCV  
  23  2:17  Refinery  
  25  2:28  SCV  
  25  2:40  SCV  
  25  2:41  Barracks Reactor  
  24  2:51  Hellion  
  26  2:52  SCV  
  27  2:58  Starport  
  27  3:04  SCV  
  28  3:05  Orbital Command  
  28  3:16  SCV  
  29  3:29  SCV  
  29  3:31  Barracks, Factory Reactor  
  29  3:33  SCV  
  31  3:35  Barracks  
  31  3:36  Barracks Tech Lab  
  31  3:41  SCV  
  32  3:45  SCV  
  32  3:48  Supply Depot  
  33  3:53  SCV  
  33  3:54  Marine  
  35  3:56  Stimpack  
  35  3:57  SCV, Starport Tech Lab  
  36  4:05  SCV, Engineering Bay  
  36  4:09  SCV  
  38  4:12  Refinery  
  38  4:13  Marine  
  39  4:18  SCV  
  39  4:21  SCV  
  41  4:25  Siege Tank, Starport Reactor, Supply Depot  
  41  4:30  SCV  
  45  4:33  SCV  
  45  4:34  Marine x3  
  45  4:35  Marine  
  50  4:43  Marine  
  50  4:44  SCV  
  53  4:45  SCV  
  53  4:48  Supply Depot  
  53  4:55  Marine x4  
  53  4:58  SCV  
  58  5:00  SCV  
  58  5:01  Marine  
  59  5:10  SCV, Supply Depot  
  59  5:12  SCV, Siege Tank  
  64  5:18  Marine x2  
  64  5:19  Marine x2  
  64  5:21  Marine  
  64  5:22  Supply Depot  
  61  5:31  SCV  
Tags
 
Add a new tag
Caveats
  • Supply blocks, unpowered buildings, or Contaminate may cause inaccurate times.
  • Supply counts are checked every 10 seconds.